 Dungeon Crawl Stone Soup version 0.26.1-2-gb8aa6d0cf2 (webtiles) character file.

Game seed: 7492808976264647731

2247 Destapler the Chopper (level 9, -6/79 HPs)
             Began as a Hill Orc Abyssal Knight on Feb 21, 2021.
             Was an Elder of Lugonu.
             Mangled by a gnoll sergeant
             ... wielding a +0 bardiche
              (12 damage)
             ... in a bailey.
             The game lasted 00:19:42 (8723 turns).

Destapler the Chopper (Hill Orc Abyssal Knight)     Turns: 8723, Time: 00:19:43

Health: -6/79      AC: 12    Str: 18    XL:     9   Next: 37%
Magic:  14/14      EV: 13    Int: 12    God:    Lugonu [****..]
Gold:   364        SH:  0    Dex: 10    Spells: 8/8 levels left

rFire    . . .     SeeInvis .   a - +2 hand axe (vorpal)
rCold    . . .     Faith    +   (no shield)
rNeg     + . .     Spirit   .   z - +0 leather armour {rN+}
rPois    .         Reflect  .   (no helmet)
rElec    .         Harm     .   g - scarf {shadows}
rCorr    .         Rampage  .   s - +0 pair of gloves
Will     .....                  n - +2 pair of boots
Stlth    +.........             l - amulet of faith
HPRegen  0.23/turn              o - +4 ring of protection
MPRegen  0.14/turn              (no ring)

@: very slightly contaminated, invisible
A: no striking features
a: Renounce Religion, Depart the Abyss, Bend Space, Banish, Corrupt


You were in a bailey.
You worshipped Lugonu.
Lugonu was greatly pleased with you.
You visited 2 branches of the dungeon, and saw 8 of its levels.
You visited the Abyss 1 time.
You also visited: Bailey.

You collected 364 gold pieces.

Inventory:

Hand Weapons
 a - a +2 vorpal hand axe (weapon)
 y - a +2 vorpal flail
Missiles
 f - 25 poisoned darts (quivered)
 j - 7 boomerangs
 F - 7 javelins
 G - 3 throwing nets
Armour
 g - a scarf of shadows (worn)
 n - a +2 pair of boots (worn)
 s - a +0 pair of gloves (worn)
 z - a +0 leather armour of positive energy (worn)
Jewellery
 l - an amulet of faith (around neck)
 o - a +4 ring of protection (left hand)
 v - an uncursed amulet of reflection {unknown}
 D - an uncursed ring of ice
 E - an uncursed ring of flight {unknown}
Wands
 C - a wand of digging (2)
 H - a wand of polymorph (4)
Scrolls
 h - 6 scrolls of teleportation
 k - 2 scrolls of amnesia
 t - a scroll of immolation
 w - 7 scrolls of identify
 A - 3 scrolls of remove curse
Potions
 b - a potion of magic {unknown}
 c - 3 potions of flight {unknown}
 d - 3 potions of curing
 e - a potion of cancellation {unknown}
 i - 3 potions of haste {unknown}
 m - 3 potions of heal wounds
 p - 3 potions of brilliance {unknown}
 r - a potion of ambrosia
 u - a potion of degeneration {unknown}
 x - 2 potions of might {unknown}


   Skills:
 + Level 7.5 Fighting
 + Level 7.6 Axes
 + Level 6.2 Armour
 + Level 4.4 Dodging
 + Level 7.4 Invocations


You had 8 spell levels left.
You didn't know any spells.
Your spell library contained the following spells:

 Spells                   Type           Power        Failure   Level
 Animate Skeleton         Necr           0%           36%         1
 Pain                     Necr           0%           36%         1
 Vampiric Draining        Necr           0%           75%         3
 Animate Dead             Necr           0%           98%         4
 Agony                    Necr           0%           100%        5


Dungeon Overview and Level Annotations

Branches:
Dungeon (7/15)             Temple (1/1) D:6          Bailey (1/1)

Altars:
Ashenzari
Cheibriados
Dithmenos
Elyvilon
Fedhas
Gozag
Hepliaklqana
Kikubaaqudgha
Makhleb
Nemelex Xobeh
Okawaru
Qazlal
Ru
Sif Muna
Trog
Uskayaw
Vehumet
Wu Jian
Xom
Yredelemnul
Zin
The Shining One

Annotations:
Temple corrupted


Message History

You barely miss the gnoll sergeant. The gnoll sergeant closely misses you.
The gnoll sergeant hits you but does no damage.
You hit the gnoll sergeant but do no damage.
The gnoll sergeant completely misses you. x2
You closely miss the gnoll sergeant.
You fade into invisibility!
The gnoll sergeant hits you with a +0 glaive.
* * * LOW HITPOINT WARNING * * *
The gnoll sergeant hits you but does no damage.
You are very lightly contaminated with residual magic.
You hit the gnoll sergeant.
The gnoll sergeant is moderately wounded.
The gnoll sergeant hits you with a +0 glaive!
* * * LOW HITPOINT WARNING * * *
You barely miss the gnoll sergeant.
The gnoll sergeant is moderately wounded.
The gnoll sergeant hits you with a +0 glaive!
* * * LOW HITPOINT WARNING * * *
The gnoll sergeant hits you from afar with a +0 bardiche!
You die...

##...## ##.....##
#.......# #..$8$..#
♣≈ #.......# ≈♣ ♣≈
#.....# ≈♣ ♣≈ #.(@#
≈♣ ♣≈ ##g## ≈♣ ♣≈
#.g.# ≈♣ ♣≈## #)g)#
##≈♣ ♣≈.# #...# #.≈♣
♣≈.######''g######.≈♣
♣≈........†[.......≈♣
♣≈≈...............≈≈♣
♣♣≈≈≈≈≈≈≈...≈≈≈≈≈≈≈♣♣


You could see 2 gnoll sergeants and a gnoll shaman.

Vanquished Creatures
  A sky beast (D:6)
  A black bear (D:6)
  2 ogres
  2 centaurs
  3 bullfrogs (D:6)
  3 scorpions
  A howler monkey (D:5)
  A jelly (D:6)
  4 orc wizards
  3 orc priests
  2 hounds (Bailey)
  A bullfrog skeleton (D:5)
  3 worker ants
  Ijyb (D:4)
  8 gnolls
  10 adders
  2 shadow imps
  A white imp (D:6)
  An adder zombie (D:5)
  3 worms
  A dart slug (D:1)
  3 leopard geckos
  28 orcs
  2 ball pythons
  7 bats
  9 giant cockroaches
  7 goblins
  8 hobgoblins
  11 jackals
  4 kobolds
  3 quokkas
  4 frilled lizards
  2 giant cockroach zombies (D:6)
  8 rats
150 creatures vanquished.

Notes
Turn   | Place    | Note
-------+----------+-------------------------------------------
     0 | Abyss:1  | Destapler the Hill Orc Abyssal Knight began the quest for
                  | the Orb.
     0 | Abyss:1  | Reached XP level 1. HP: 19/19 MP: 2/2
    41 | Abyss:1  | Noticed a neqoxec
    43 | D:1      | Escaped the Abyss
   164 | D:1      | Reached * piety under Lugonu
   233 | D:1      | Reached skill level 1 in Dodging
   233 | D:1      | Reached XP level 2. HP: 8/26 MP: 3/3
   728 | D:1      | Reached XP level 3. HP: 32/33 MP: 5/5
  1378 | D:2      | Found a faded altar of an unknown god.
  1873 | D:2      | Reached XP level 4. HP: 40/40 MP: 6/6
  1945 | D:2      | Reached ** piety under Lugonu
  2572 | D:3      | Reached XP level 5. HP: 16/47 MP: 7/7
  3361 | D:3      | Reached XP level 6. HP: 53/53 MP: 9/9
  4137 | D:4      | Reached *** piety under Lugonu
  4204 | D:4      | Noticed Ijyb
  4217 | D:4      | Killed Ijyb
  4218 | D:4      | Reached skill level 5 in Fighting
  4928 | D:5      | Entered Level 5 of the Dungeon
  4965 | D:5      | Reached skill level 5 in Axes
  4965 | D:5      | Reached XP level 7. HP: 61/61 MP: 10/10
  5055 | D:5      | Found a burning altar of Makhleb.
  5058 | D:5      | Found an ornate altar of the Wu Jian Council.
  5061 | D:5      | Found a glowing golden altar of the Shining One.
  5267 | D:5      | Found a broken altar of Ashenzari.
  5282 | D:5      | Reached skill level 5 in Invocations
  5755 | D:5      | Found a bloodstained altar of Trog.
  6145 | D:6      | Reached **** piety under Lugonu
  6237 | D:6      | Found a staircase to the Ecumenical Temple.
  6433 | D:6      | Reached XP level 8. HP: 48/70 MP: 12/12
  6729 | D:6      | HP: 3/70 [centaur/arrow (3)]
  6735 | D:6      | HP: 1/70 [centaur/arrow (3)]
  7140 | Temple   | Entered the Ecumenical Temple
  7316 | Temple   | Corrupted Temple
  7316 | Temple   | Noticed a tentacled starspawn
  7316 | Temple   | Noticed a large abomination
  7316 | Temple   | Noticed an orange demon
  7316 | Temple   | Noticed a raiju
  7316 | Temple   | Noticed a worldbinder
  7316 | Temple   | Noticed a worldbinder
  7316 | Temple   | Noticed a ynoxinul
  7316 | Temple   | Noticed a smoke demon
  7322 | Temple   | Noticed a green death
  7323 | Temple   | Noticed a starcursed mass
  7324 | Temple   | Noticed a glowing orange brain
  7328 | Temple   | Noticed a large abomination
  7330 | Temple   | Noticed a purple very ugly thing
  7349 | Temple   | Noticed a vampire
  7425 | D:6      | Reached skill level 5 in Armour
  7689 | D:6      | Noticed a two-headed ogre
  7704 | D:6      | Banished a two-headed ogre
  7705 | D:6      | Reached XP level 9. HP: 79/79 MP: 8/14
  8493 | D:7      | Found a flagged portal.
  8510 | Bailey   | Entered a bailey
  8723 | Bailey   | Mangled by a gnoll sergeant

Illustrated notes

Levels and vault maps discovered:
D:1:      roderic_crossed_star, layout_loops_ring
D:2:      layout_basic, chequers_ecumenical_altar_twisty, hex_large,
          minivault_4, minmay_misc_feat_square
D:3:      layout_loops_cross
D:4:      layout_loops_ring, uniq_ijyb
D:5:      layout_loops_ring, grunt_temple_overflow_cloverleaf,
          trog_three_pillars_becter
D:6:      layout_basic, minmay_temple_entry_trees
D:7:      layout_loops_ring, gammafunk_ghost_cemetery, enter_bailey_2
Temple:   eino_narrow_crystal_temple
Bailey:   bailey_polearm_gnolls_kennysheep, bailey

Skill      XL: |  1  2  3  4  5  6  7  8  9 |
---------------+----------------------------+-----
Dodging        | 1 2 3 4 |  4.4
Axes           | 3 4 5 6 7 |  7.6
Invocations    | 3 4 5 7 |  7.4
Fighting       | 4 5 6 7 |  7.5
Armour         | 3 4 5 6 |  6.2

Action                   |  1- 3 |  4- 6 |  7- 9 || total
-------------------------+-------+-------+-------++-------
Melee: Hand axe          |   100 |   196 |   248 ||   544
       Flail             |       |    30 |       ||    30
Throw: Dart              |       |       |    12 ||    12
Invok: Depart the Abyss  |     1 |       |       ||     1
       Bend Space        |       |       |     1 ||     1
       Banish            |       |       |     1 ||     1
       Corrupt           |       |       |     1 ||     1
  Use: Scroll            |       |     7 |     8 ||    15
       Potion            |       |       |     3 ||     3
Armor: Leather armour    |    35 |    97 |   113 ||   245
Dodge: Dodged            |    54 |   143 |   206 ||   403
